 Dungeon Crawl Stone Soup version 0.31-a0-175-g9f7f995f2b (webtiles) character file.

Game seed: 9676203846939653041

55 qw the Shooter (level 3, -7/23 HPs)
             Began as a Gargoyle Hunter on June 16, 2023.
             Mangled by a gnoll
             ... wielding a +5 flail
              (12 damage)
             ... on level 2 of the Dungeon.
             The game lasted 00:00:33 (1191 turns).

qw the Shooter (Gargoyle Hunter)                    Turns: 1191, Time: 00:00:34

Health: -7/23      AC: 10    Str: 14    XL:     3   Next: 93%
Magic:  0/3        EV: 11    Int:  9    God:
Gold:   83         SH:  0    Dex: 15    Spells: 2/2 levels left

rFire   . . .        Y - +3 shortbow
rCold   . . .        (shield currently unavailable)
rNeg    + . .        c - +0 leather armour
rPois   inf          j - +0 helmet
rElec   +            (no cloak)
rCorr   .            (no gloves)
SInv    .            d - +2 pair of boots
Will    .....        h - amulet of guardian spirit
Stlth   ++           (no ring)
HPRegen 0.23/turn    (no ring)
MPRegen 0.08/turn

%: guardian spirit
@: about to teleport
A: sickness immunity, AC +3, negative energy resistance 1, electricity
resistance, torment resistance 1, petrification resistance
a: no special abilities


You were on level 2 of the Dungeon.
You visited 1 branch of the dungeon, and saw 3 of its levels.

You collected 83 gold pieces.


Innate Abilities, Weirdness & Mutations

You are immune to sickness and miasma.
Your stone body is resilient. (AC +3)
You are immune to poison.
You resist negative energy. (rN+)
You are resistant to electric shocks. (rElec)
You are resistant to unholy torment.
You are immune to petrification.


   Skills:
 - Level 3.0 Fighting
 - Level 5.0 Ranged Weapons
 + Level 0.6 Armour
 - Level 1.5 Dodging
 - Level 1.1 Stealth


You had 2 spell levels left.
You didn't know any spells.
Your spell library was empty.

Inventory:

Hand Weapons
 Y - a +3 shortbow (weapon)
Armour
 c - a +0 leather armour (worn)
 d - a +2 pair of boots (worn)
 j - a +0 helmet (worn)
Jewellery
 h - an amulet of guardian spirit (around neck)
 k - a ring of ice
Potions
 a - a potion of enlightenment {unknown}
 e - a potion of attraction {unknown}
 i - a potion of curing {unknown}

Dungeon Overview and Level Annotations

Branches:
Dungeon (3/15)

Altars:


Message History

You shoot an arrow. The arrow hits the gnoll!
The gnoll is severely wounded.
You shoot an arrow. The arrow barely misses the gnoll.
The gnoll misses you. The gnoll closely misses you.
The gnoll hits you with a +0 flail.
1186 ||| STAIRDANCE The giant cockroach barely misses you.
The gnoll hits you with a +0 club. The gnoll hits you but does no damage.
The gnoll barely misses you.
You climb upwards.
There is a stone staircase leading down here.
Enter note:
Enter note:
Enter note:
Enter note:
Enter note:
Enter note:
Enter note:
Enter note:
Enter note: You shoot an arrow.
The arrow barely misses the gnoll.
The giant cockroach barely misses you. The gnoll hits you with a +5 flail!
The gnoll hits you with a +0 club. The gnoll barely misses you.
The giant cockroach barely misses you.
You shoot an arrow. The arrow hits the gnoll.
The gnoll is almost dead.
The gnoll barely misses you. The gnoll hits you with a +5 flail.
The gnoll hits you but does no damage. The giant cockroach bites you.
The gnoll completely misses you. The gnoll hits you with a +0 flail.
The gnoll hits you with a +0 club.
1190 ||| READING scroll of teleportation.
As you read the scroll of teleportation, it crumbles to dust.
You feel strangely unstable. The giant cockroach closely misses you.
The gnoll closely misses you. The gnoll completely misses you.
The gnoll barely misses you.
You shoot an arrow. The arrow hits the gnoll.
You kill the gnoll!
The giant cockroach completely misses you.
The gnoll hits you with a +5 flail!
Ouch! That really hurt!
You die...

........###.........#
#.........#
......#....##########
##........#
......####..#
#........# ......#
##.##########
#.%......# ###..##
#..........###........#
#..##
#.....####)...........#
##..#
#.....######..#.......#
#..#
#....gBg.###.......####
####
#.....@#.#.....%.......
#.....)#.......##..#...
######.#.##.##.##......
##...#[.##.##..#...
###....#.###.........
#..........#.........
#........#.......#...
#....................
#...>....###.....##..


You could see 2 gnolls and a giant cockroach.

Vanquished Creatures
  A gnoll (D:2)
  A dart slug (D:1)
  4 ball pythons
  6 bats
  7 endoplasms
  2 giant cockroaches (D:1)
  8 goblins
  4 hobgoblins
  5 kobolds
  3 quokkas (D:1)
  A frilled lizard (D:1)
  2 rats
44 creatures vanquished.

Notes
Turn   | Place    | Note
-------+----------+-------------------------------------------
     0 | D:1      | qw the Gargoyle Hunter began the quest for the Orb.
     0 | D:1      | Reached XP level 1. HP: 12/12 MP: 1/1
     0 | D:1      | 0 ||| qw: Version: 0.2-a-29-g511e9b1
     0 | D:1      | 0 ||| qw: Game counter: 5802
     0 | D:1      | 0 ||| qw: Always use a shield: true
     0 | D:1      | 0 ||| qw: God list: Okawaru
     0 | D:1      | 0 ||| qw: Allow faded altars: false
     0 | D:1      | 0 ||| qw: Do Orc after D:15 true
     0 | D:1      | 0 ||| qw: Do second Lair branch before Depths: true
     0 | D:1      | 0 ||| qw: Lair rune preference: random
     0 | D:1      | 0 ||| qw: Plans: Normal, Zot:1-4, Slime:5, God:TSO, Crypt,
                  | Tomb, Abyss, Pan, Hells, Win
     0 | D:1      | 0 ||| PLANNING D:1-11
   103 | D:1      | 103 ||| FLEEEEING.
   112 | D:1      | Reached XP level 2. HP: 17/17 MP: 2/2
   263 | D:1      | Reached XP level 3. HP: 21/21 MP: 3/3
   319 | D:1      | Reached skill level 5 in Ranged Weapons
   713 | D:1      | 713 ||| UPGRADING to +2 pair of boots.
   718 | D:1      | 718 ||| UPGRADING to +0 helmet.
   723 | D:1      | 723 ||| READING 3 scrolls labelled APPUKK UDEUG.
   724 | D:1      | 724 ||| READING 2 scrolls of enchant weapon.
   724 | D:1      | 724 ||| ENCHANTING +1 shortbow.
   725 | D:1      | 725 ||| READING scroll of enchant weapon.
   725 | D:1      | 725 ||| ENCHANTING +2 shortbow.
   726 | D:1      | 726 ||| READING scroll labelled BUW PATUFO.
   740 | D:1      | 740 ||| READING scroll labelled QINEUTW XAYRILO.
   741 | D:1      | 741 ||| READING scroll labelled MIZXOI DOVOUMM.
   742 | D:1      | 742 ||| DROPPING scroll of butterflies.
   924 | D:2      | Reached skill level 3 in Fighting
  1159 | D:2      | 1159 ||| UPGRADING to amulet of guardian spirit.
  1164 | D:2      | 1164 ||| READING 2 scrolls labelled RALYST BIDGHOI.
  1167 | D:2      | 1167 ||| READING scroll labelled OXTEUL WIDGHOTA.
  1168 | D:2      | 1168 ||| READING scroll labelled SOUDUPS ZOUS.
  1186 | D:3      | 1186 ||| STAIRDANCE
  1189 | D:2      | HP: 5/23 [gnoll/+0 club (2)]
  1190 | D:2      | 1190 ||| READING scroll of teleportation.
  1191 | D:2      | Mangled by a gnoll

Levels and vault maps discovered:
D:1:      amcnicky_arrival_gap_in_the_tavern_cellar, layout_loops_ring,
          kennysheep_doodads
D:2:      layout_rooms
D:3:      layout_rooms, grunt_temple_overflow_open, uniq_jessica

Skill      XL: |  1  2  3 |
---------------+----------+-----
Ranged Weapons | 5 |  5.0
Fighting       | 3 |  3.0
Armour         | |  0.6
Dodging        | |  1.5
Stealth        | |  1.1

Action                     || total
---------------------------++-------
   Fire: Shortbow          ||   126
    Use: Scroll            ||    10
 Armour: Leather armour    ||    27
  Dodge: Dodged            ||    55

Table legend:
 A = Non-vault XP
 B = Vault XP
 C = Vault XP percentage of total XP
 D = Non-vault monster count
 E = Vault monster count
 F = Vault count percentage of total count
                 A         B        C        D         E       F
            +---------+---------+-------+---------+---------+-------
      Total |      93 |       0 |   0.0 |      44 |       0 |   0.0
            +---------+---------+-------+---------+---------+-------
        D:1 |      54 |       0 |   0.0 |      28 |       0 |   0.0
        D:2 |      39 |       0 |   0.0 |      16 |       0 |   0.0
            +---------+---------+-------+---------+---------+-------
